 Dungeon Crawl Stone Soup version 0.31-a0-231-g51bb95cda3 (webtiles) character file.

Game seed: 1277428016999986350

93 qw the Shooter (level 4, -1/36 HPs)
             Began as a Minotaur Hexslinger on July 6, 2023.
             Slain by an adder (3 damage)
             ... on level 3 of the Dungeon.
             The game lasted 00:00:54 (1932 turns).

qw the Shooter (Minotaur Hexslinger)                Turns: 1932, Time: 00:00:54

Health: -1/36      AC:  3    Str: 12    XL:     4   Next: 36%
Magic:  4/4        EV: 12    Int: 12    God:
Gold:   109        SH:  0    Dex: 15    Spells: 4/5 levels left

rFire   . . .        Y - +1 sling
rCold   . . .        (no shield)
rNeg    . . .        h - +0 leather armour
rPois   .            (helmet restricted)
rElec   .            (no cloak)
rCorr   .            (no gloves)
SInv    +            (no boots)
Will    +....        (no amulet)
Stlth   +            b - ring "Xefil" {*Corrode Will+ Int+2 SInv}
HPRegen 0.26/turn    (no ring)
MPRegen 0.09/turn

%: corrode self (3%)
@: lethally poisoned (-1 -> -3)
A: horns 2, retaliatory headbutt
a: no special abilities


You were on level 3 of the Dungeon.
You visited 1 branch of the dungeon, and saw 3 of its levels.

You collected 109 gold pieces.


Innate Abilities, Weirdness & Mutations

You have a pair of horns on your head.
You reflexively headbutt those who attack you in melee.


   Skills:
 - Level 2.0 Fighting
 + Level 4.9 Ranged Weapons
 - Level 2.1 Dodging
 - Level 1.0 Spellcasting
 - Level 2.0 Hexes


You had 4 spell levels left.
You knew the following spells:

 Your Spells              Type           Power      Damage    Failure   Level
a - Slow                  Hex            20%        N/A       17%         1

Your spell library contained the following spells:

 Spells                   Type           Power      Damage    Failure   Level
 Inner Flame              Hex/Fire       3%         N/A       58%         3
 Portal Projectile        Hex/Tloc       6%         N/A       58%         3
 Cause Fear               Hex            2%         N/A       86%         4

Inventory:

Hand Weapons
 Y - a +1 sling (weapon)
Armour
 h - a +0 leather armour (worn)
 n - a +0 ring mail
Jewellery
 b - the ring "Xefil" (left hand) {*Corrode Will+ Int+2 SInv}
   (You found it on level 2 of the Dungeon)

   [ring of willpower]

   Int:       It affects your intelligence (+2).
   SInv:      It lets you see invisible.
   *Corrode:  It may corrode you when you take damage.
   Will:      It increases your willpower.
Scrolls
 a - 2 scrolls of identify
 k - a scroll of enchant armour {unknown}
 l - a scroll of amnesia {unknown}
 m - a scroll of silence {unknown}
 p - a scroll of fog {unknown}
Potions
 c - 2 potions of curing
 d - a potion of berserk rage {unknown}
 e - a potion of might {unknown}
 f - 2 potions of lignification {unknown}
 g - 2 potions of heal wounds {unknown}
 i - a potion of mutation {unknown}
 j - a potion of enlightenment {unknown}
 o - a potion of magic {unknown}

Dungeon Overview and Level Annotations

Branches:
Dungeon (3/15)

Altars:
Gozag
Nemelex Xobeh


Message History

You shoot a sling bullet.
The sling bullet closely misses the adder.
The adder bites you.
You shoot a sling bullet.
The sling bullet closely misses the adder.
The adder closely misses you. You furiously retaliate!
You headbutt the adder, but do no damage.
The adder bites you but does no damage.
You shoot a sling bullet.
The sling bullet barely misses the adder.
The adder bites you.
You are poisoned.
The adder poisons you!
You shoot a sling bullet. The sling bullet hits the adder.
The adder is severely wounded.
You feel sick. The adder barely misses you. The adder bites you.
You are more poisoned.
The adder poisons you!
You shoot a sling bullet. The sling bullet misses the adder.
You feel very sick. The adder bites you.
You are more poisoned.
The adder poisons you!
You shoot a sling bullet. The sling bullet misses the adder.
You feel very sick. The adder completely misses you. The adder misses you.
You shoot a sling bullet.
The sling bullet barely misses the adder.
You feel very sick. The adder misses you.
You shoot a sling bullet.
The sling bullet barely misses the adder.
You feel sick. The adder bites you but does no damage.
The adder barely misses you.
You shoot a sling bullet. The sling bullet hits the adder.
The adder is almost dead.
You feel sick. The adder bites you.
You shoot a sling bullet. The sling bullet misses the adder.
You feel sick. The adder bites you. x2
You die...

#.# #..##.#.# #...#.# #..
...##.#.##########...#.#
######.###.#..........#.%.#%#
#.# #....#######.#...#.# #.#
#....'..........<#+#
#.###....#######........
...............#........
.........#####.#........
......S@.# #.#........ .
.........# #.##....... .
.........# #.#........
........## #.#........
........# #.#........
........# #.#.###.###
........# #.#.#...# #########
#.#.#.##### #.#........


You could see an adder.

Vanquished Creatures
  2 adders (D:2)
  A worm (D:2)
  2 dart slugs
  2 orcs (D:3)
  7 bats
  4 endoplasms
  4 giant cockroaches
  2 goblins
  7 hobgoblins
  3 jackals (D:3)
  11 ball pythons
  4 frilled lizards
  6 kobolds
  11 rats
66 creatures vanquished.

Notes
Turn   | Place    | Note
-------+----------+-------------------------------------------
     0 | D:1      | qw the Minotaur Hexslinger began the quest for the Orb.
     0 | D:1      | Reached XP level 1. HP: 16/16 MP: 1/1
     0 | D:1      | 0 ||| qw: Version: 0.3-a-46-gb1f654a
     0 | D:1      | 0 ||| qw: Game counter: 1927
     0 | D:1      | 0 ||| qw: Melee chars always use a shield: true
     0 | D:1      | 0 ||| qw: God list: Okawaru
     0 | D:1      | 0 ||| qw: Allow faded altars: false
     0 | D:1      | 0 ||| qw: Do Orc after clearing Dungeon:15 true
     0 | D:1      | 0 ||| qw: Do second Lair branch before Depths: true
     0 | D:1      | 0 ||| qw: Lair rune preference: random
     0 | D:1      | 0 ||| qw: Goals: Normal
     0 | D:1      | 0 ||| PLANNING D:1-11
   153 | D:1      | Reached skill level 3 in Ranged Weapons
   153 | D:1      | Reached XP level 2. HP: 23/23 MP: 2/2
   366 | D:1      | 366 ||| FLEEEEING.
   367 | D:1      | 367 ||| FLEEEEING.
   368 | D:1      | 368 ||| FLEEEEING.
   691 | D:1      | 691 ||| UPGRADING to +0 leather armour.
   701 | D:1      | 701 ||| DROPPING +0 robe.
   702 | D:1      | 702 ||| READING 2 scrolls labelled YNUPURULIH.
   703 | D:1      | 703 ||| READING scroll labelled KOSAAN DIDAOQI.
   704 | D:1      | 704 ||| DROPPING scroll of poison.
   747 | D:2      | Reached XP level 3. HP: 29/29 MP: 3/3
   888 | D:2      | Reached skill level 4 in Ranged Weapons
   895 | D:2      | Identified the ring "Xefil" {*Corrode Will+ Int+2 SInv}
  1112 | D:2      | Reached XP level 4. HP: 22/36 MP: 4/4
  1142 | D:2      | 1142 ||| FLEEEEING.
  1238 | D:2      | 1238 ||| UPGRADING to ring "Xefil" {*Corrode Will+ Int+2
                  | SInv}.
  1239 | D:2      | 1239 ||| READING scroll labelled WABBUG IHUT.
  1240 | D:2      | 1240 ||| READING 2 scrolls of identify.
  1240 | D:2      | 1240 ||| IDENTIFYING metallic brown potion
  1452 | D:3      | 1452 ||| FLEEEEING.
  1628 | D:3      | Found an opulent altar of Gozag.
  1661 | D:3      | Found a sparkling altar of Nemelex Xobeh.
  1931 | D:3      | HP: 9/36 [poisoned by an adder]
  1932 | D:3      | HP: 4/36 [poisoned by an adder]
  1932 | D:3      | Slain by an adder

Levels and vault maps discovered:
D:1:      noname_arrival_rooms_in_the_neighbourhood, layout_basic
D:2:      layout_basic
D:3:      layout_basic, nemelex_altar_shiori, lemuel_round_altar,
          lemuel_tele_altar, lemuel_coloured_pillars_altar, minmay_ruptured

Skill      XL: |  1  2  3 |
---------------+----------+-----
Ranged Weapons | 3 4 |  4.9
Fighting       | 2 |  2.0
Dodging        | |  2.1
Spellcasting   | |  1.0
Hexes          | |  2.0

Action                     |  1- 3 |  4- 6 || total
---------------------------+-------+-------++-------
   Fire: Sling             |   122 |    75 ||   197
    Use: Scroll            |     2 |     2 ||     4
 Armour: Robe              |     7 |       ||     7
         Leather armour    |     6 |     5 ||    11
  Dodge: Dodged            |    29 |    23 ||    52

Table legend:
 A = Non-vault XP
 B = Vault XP
 C = Vault XP percentage of total XP
 D = Non-vault monster count
 E = Vault monster count
 F = Vault count percentage of total count
                 A         B        C        D         E       F
            +---------+---------+-------+---------+---------+-------
      Total |     131 |       2 |   1.5 |      65 |       1 |   1.5
            +---------+---------+-------+---------+---------+-------
        D:1 |      40 |       0 |   0.0 |      26 |       0 |   0.0
        D:2 |      65 |       0 |   0.0 |      25 |       0 |   0.0
        D:3 |      26 |       2 |   7.1 |      14 |       1 |   6.7
            +---------+---------+-------+---------+---------+-------
